 Dungeon Crawl Stone Soup version 0.30.0-7-g0c4daa9e05 (webtiles) character file.

Game seed: 9252557413877998309

74 Atelerd the Digger (level 4, 0/27 HPs)
             Began as an Octopode Earth Elementalist on May 13, 2023.
             Slain by a goblin
             ... wielding a +0 club
             ... led by Robin
              (7 damage)
             ... on level 3 of the Dungeon.
             The game lasted 00:01:15 (1553 turns).

Atelerd the Digger (Octopode Earth Elementalist)    Turns: 1553, Time: 00:01:16

Health: 0/27       AC:  1    Str: 13    XL:     4   Next: 28%
Magic:  3/8        EV: 13    Int: 19    God:
Gold:   131        SH:  0    Dex: 12    Spells: 8/9 levels left

rFire   . . .        i - +0 short sword
rCold   . . .        (no shield)
rNeg    . . .        (helmet restricted)
rPois   .            g - amulet of the acrobat
rElec   .            d - +6 ring of strength
rCorr   .            (no ring)
SInv    .            (no ring)
Will    .....        (no ring)
Stlth   +++          (no ring)
HPRegen 0.24/turn    (no ring)
MPRegen 0.11/turn    (no ring)
                     (no ring)

%: acrobat
@: very slightly contaminated
A: almost no armour, amphibious, 8 rings, camouflage 1, gelatinous body 1,
(nimble swimmer 1), tentacles
a: no special abilities


You were on level 3 of the Dungeon.
You visited 1 branch of the dungeon, and saw 3 of its levels.

You collected 131 gold pieces.

Inventory:

Hand Weapons
 i - a +0 short sword (weapon)
Jewellery
 d - a +6 ring of strength (left tentacle)
 g - an amulet of the acrobat (around mantle)
Scrolls
 e - a scroll of enchant weapon {unknown}
 f - 2 scrolls of identify {unknown}
 h - a scroll of blinking {unknown}
 l - a scroll of acquirement {unknown}
Potions
 a - 2 potions of magic
 b - a potion of haste {unknown}
 c - a potion of ambrosia {unknown}
 j - 2 potions of attraction {unknown}
 k - a potion of degeneration {unknown}


   Skills:
 + Level 0.4 Short Blades
 - Level 2.0 Dodging
 - Level 2.9 Stealth
 - Level 0.1 Unarmed Combat
 + Level 3.0 Spellcasting
 * Level 1.4 Transmutations
 * Level 3.9 Earth Magic


You had 8 spell levels left.
You knew the following spells:

 Your Spells              Type           Power      Damage    Failure   Level
a - Sandblast             Erth           34%        2d9       3%          1

Your spell library contained the following spells:

 Spells                   Type           Power      Damage    Failure   Level
 Passwall                 Tmut/Erth      10%        N/A       8%          2
 Stone Arrow              Conj/Erth      20%        3d8       21%         3
 Petrify                  Tmut/Erth      12%        N/A       45%         4


Dungeon Overview and Level Annotations

Branches:
Dungeon (3/15)

Altars:

Annotations:
D:3 Robin


Innate Abilities, Weirdness & Mutations

You cannot wear most types of armour.
You are amphibious.
You can wear up to eight rings at the same time.
Your skin changes colour to match your surroundings (Stealth+).
Your rubbery body absorbs attacks. (AC +1, EV +1)
((You are camouflaged when in or above water. (Stealth+)))
You have tentacles for arms and can constrict up to eight enemies at once.


Message History

The blast of sand hits the hobgoblin!
You kill the hobgoblin!
The goblin shouts!
You hear a shout!
Robin of the Strong Arm comes into view.
They are wielding a +0 mace.
You hear a shout!
The goblin shouts!
You barely miss the goblin. You grab the goblin. You squeeze the goblin.
You kill the goblin!
A goblin comes into view. It is wielding a +0 club.
Robin says, "Kneel, worm!"
A goblin comes into view. It is wielding a +0 club.
A goblin comes into view. It is wielding a +0 dagger.
There are monsters nearby!
A goblin comes into view. It is wielding a +0 dagger.
A goblin comes into view. It is wielding a +0 club.
You see here a +0 club.
The blast of sand hits the goblin!
You kill the goblin!
The goblin shouts! x3
A goblin comes into view. It is wielding a +0 dagger.
Robin roars a battlecry!
The goblins go into a battle-frenzy!
The goblin moves out of view.
There are monsters nearby!
You miscast Sandblast.
You are very lightly contaminated with residual magic.
Nothing appears to happen.
Robin throws the goblin at you!
The blast of sand hits the goblin!
You kill the goblin!
The goblin hits you with a +0 club.
The blast of sand hits the goblin!
You kill the goblin!
The goblin hits you with a +0 club. Robin throws the goblin at you!
The goblin hits you with a +0 dagger. x2
* * * LOW HITPOINT WARNING * * *
The goblin completely misses you.
You hit the goblin. You grab the goblin.
The goblin is moderately wounded.
You constrict the goblin. The goblin closely misses you.
The goblin hits you with a +0 club!
You die... ....... ..... ..).. ..g .gg

#g# #g#
#@# #g#
#.# #.#
#)#
####.#
#....#
#.####
#.#
#########


You could see Robin and 5 goblins.

Vanquished Creatures
  2 adders (D:2)
  A worm (D:2)
  A dart slug (D:1)
  8 ball pythons
  An endoplasm (D:1)
  2 giant cockroaches (D:2)
  8 goblins
  8 hobgoblins
  2 kobolds (D:2)
  A quokka (D:1)
  4 bats (D:1)
  3 frilled lizards
  9 rats
50 creatures vanquished.

Notes
Turn   | Place    | Note
-------+----------+-------------------------------------------
     0 | D:1      | Atelerd the Octopode Earth Elementalist began the quest for
                  | the Orb.
     0 | D:1      | Reached XP level 1. HP: 11/11 MP: 3/3
    43 | D:1      | You fall into a shaft and drop 1 floor!
   186 | D:2      | Reached XP level 2. HP: 7/17 MP: 1/5
   416 | D:2      | Reached XP level 3. HP: 17/21 MP: 2/7
  1213 | D:1      | Reached XP level 4. HP: 26/27 MP: 6/8
  1546 | D:3      | Noticed Robin
  1553 | D:3      | Slain by a goblin

Illustrated notes

Levels and vault maps discovered:
D:1:      erik_arrival_orb_chamber, layout_basic, kennysheep_boxes
D:2:      layout_loops_ring, serial_glass, glass_columns_a, glass_columns_c
D:3:      layout_loops_cross, hellmonk_ecumenical_altar_pennies_from_heaven,
          minmay_snake_closets, uniq_robin

Skill      XL: |  1  2  3  4 |
---------------+-------------+-----
Spellcasting   | 3 |  3.0
Short Blades   | |  0.4
Dodging        | |  2.0
Stealth        | |  2.9
Unarmed Combat | |  0.1
Transmutations | |  1.4
Earth Magic    | |  3.9

Action                     |  1- 3 |  4- 6 || total
---------------------------+-------+-------++-------
  Melee: Unarmed           |    13 |       ||    13
         Constrict         |     7 |     5 ||    12
         Tentacles         |     3 |     2 ||     5
         Short sword       |     8 |     6 ||    14
   Cast: Sandblast         |    38 |    13 ||    51
   Stab: Sleeping          |     2 |       ||     2
  Dodge: Dodged            |    21 |     8 ||    29
